AoeStats
← evenfournier13

Arena

510423593Analyzed
2v2 RM · 2d ago on Sep 30, 2026· 113m 40s· 4 players
Game mode
Random Map
Map size
Medium (4 player)
Population
200
Speed
Normal
Resources
Standard
Victory
Conquest
Starting age
Dark Age
Ending age
Imperial Age
RankedLock teamsTeams togetherTeam positionsShared explorationLock speedFull tech treeHidden civsTurbo modeCheats
Victory
Defeat
🇨🇦 Cumans · Canada
683
+14
🇨🇦 Tupi · Canada
678
+15
🇺🇸 Goths · United States
694
-16
🇺🇸 Burgundians · United States
605
-13
evenfournier13
5:20 Loom
10:56 Feudal Age
11:24 Double-Bit Axe
11:23 Horse Collar
12:22 Wheelbarrow
18:38 Gold Mining
19:38 Stone Mining
20:32 Town Watch
23:54 Castle Age
22:39 Fletching
23:54 Padded Archer Armor
25:26 Gold Shaft Mining
25:25 Bow Saw
26:40 Fervor
27:25 Heavy Plow
27:51 Caravan
28:22 Hand Cart
28:37 Capped Ram
29:45 Bodkin Arrow
30:06 Leather Archer Armor
30:52 Coinage
35:59 Imperial Age
33:31 Town Patrol
33:53 Steppe Husbandry
38:39 Ballistics
39:20 Chemistry
38:49 Siege Ram
39:02 Elite Kipchak
40:09 Conscription
40:39 Ring Archer Armor
41:04 Cuman Mercenaries
41:57 Banking
41:41 Guilds
43:27 Onager
47:27 Murder Holes
47:44 Masonry
49:43 Two-Man Saw
49:15 Crop Rotation
49:06 Forging
48:56 Scale Mail Armor
49:30 Parthian Tactics
49:10 Thumb Ring
48:26 Heavy Cavalry Archer
50:37 Siege Onager
58:53 Iron Casting
58:34 Chain Mail Armor
58:24 Scale Barding Armor
58:13 Arson
58:32 Elite Steppe Lancer
60:59 Bloodlines
62:04 Blast Furnace
62:37 Cavalier
64:01 Paladin
67:31 Plate Mail Armor
67:34 Chain Barding Armor
76:11 Plate Barding Armor
106:19 Spies/Treason
tommy_comeau
2:55 Loom
10:50 Feudal Age
11:13 Horse Collar
11:29 Double-Bit Axe
21:39 Castle Age
22:51 Heavy Plow
23:04 Bow Saw
22:47 Gold Mining
23:06 Caravan
23:51 Town Watch
29:00 Gold Shaft Mining
30:01 Wheelbarrow
29:28 Town Patrol
29:32 Elite Skirmisher
31:44 Stone Mining
31:50 Heated Shot
35:48 Imperial Age
36:56 Padded Archer Armor
36:46 Fletching
37:07 Forging
36:57 Scale Mail Armor
36:20 Elite Blackwood Archer
38:03 Hand Cart
38:52 Two-Man Saw
38:44 Coinage
39:51 Ballistics
40:32 Chemistry
40:55 Chain Mail Armor
41:15 Iron Casting
40:36 Bodkin Arrow
40:57 Leather Archer Armor
44:09 Treadmill Crane
44:25 Murder Holes
45:10 Plate Mail Armor
45:11 Ring Archer Armor
44:41 Bracer
60:48 Hoardings
61:13 Banking
64:44 Sanctity
70:21 Arrowslits
70:42 Heavy Scorpion
73:27 Onager
73:40 Crossbowman
83:29 Arbalester
Cpt. Awesome
0:51 Loom
12:49 Feudal Age
14:05 Wheelbarrow
13:17 Double-Bit Axe
13:25 Stone Mining
13:18 Horse Collar
13:29 Town Watch
14:11 Gold Mining
18:18 Fletching
18:32 Scale Mail Armor
18:43 Forging
21:03 Castle Age
20:13 Man-at-Arms
22:00 Bow Saw
22:28 Stone Shaft Mining
21:59 Town Patrol
22:10 Squires
22:15 Pikeman
22:23 Crossbowman
22:41 Long Swordsman
22:49 Pikeman
23:32 Scale Mail Armor
23:39 Heavy Plow
23:35 Treadmill Crane
24:47 Murder Holes
25:53 Hand Cart
27:01 Chain Mail Armor
26:57 Forging
27:04 Masonry
29:41 Ballistics
29:34 Fervor
30:19 Elite Skirmisher
32:06 Padded Archer Armor
31:57 Fletching
33:26 Leather Archer Armor
34:38 Sanctity
37:08 Imperial Age
37:43 Anarchy
37:52 Perfusion
38:13 Conscription
40:02 Two-Man Saw
39:34 Crop Rotation
39:02 Halberdier
40:54 Chemistry
42:04 Iron Casting
41:26 Bodkin Arrow
42:04 Ring Archer Armor
44:46 Elite Huskarl
48:39 Architecture
49:28 Blast Furnace
51:06 Bracer
51:32 Two-Handed Swordsman
53:14 Caravan
53:23 Crossbowman
56:47 Scale Barding Armor
56:16 Onager
57:35 Bloodlines
57:30 Husbandry
58:02 Capped Ram
60:54 Heavy Scorpion
62:30 Heavy Cavalry Archer
67:03 Chain Barding Armor
66:05 Light Cavalry
67:01 Champion
69:56 Hussar
71:27 Sappers
BigPapaPump
6:35 Wheelbarrow
13:09 Feudal Age
11:44 Double-Bit Axe
12:27 Horse Collar
14:58 Hand Cart
15:21 Bow Saw
17:09 Heavy Plow
17:08 Gold Mining
18:37 Gold Shaft Mining
18:26 Stone Mining
21:16 Stone Shaft Mining
24:33 Castle Age
23:04 Padded Archer Armor
22:55 Fletching
23:16 Forging
23:06 Scale Mail Armor
23:17 Scale Barding Armor
25:41 Husbandry
25:02 Light Cavalry
25:08 Pikeman
25:49 Squires
26:54 Two-Man Saw
26:28 Crop Rotation
27:24 Chain Mail Armor
28:01 Treadmill Crane
30:15 Chain Barding Armor
30:32 Iron Casting
30:30 Caravan
31:42 Burgundian Vineyards
35:45 Imperial Age
34:35 Ballistics
34:13 Murder Holes
43:05 Conscription
45:34 Hussar
54:57 Chemistry
55:06 Halberdier
65:02 Leather Archer Armor
74:29 Plate Mail Armor
80:17 Cavalier
Connection lost

Rejoining the realm…

Still unreachable

The connection could not be restored.

Session expired

The server has moved on; the page needs a fresh start.